 Dungeon Crawl Stone Soup version 0.17.2-1-ge4368a0 (webtiles) character file.

1683 Goblin1989 the Grappler (level 8, -4/75 HPs)
             Began as a Troll Hunter on Sept 27, 2016.
             Was a Believer of Okawaru.
             Slain by an unseen horror (6 damage)
             ... on level 5 of the Dungeon.
             The game lasted 00:14:15 (3097 turns).

Goblin1989 the Grappler (Troll Hunter)              Turns: 3097, Time: 00:14:15

Health: -4/75      AC:  5    Str: 24 (26) XL:     8   Next: 71%
Magic:  5/7        EV: 13    Int:  7      God:    Okawaru [**....]
Gold:   193        SH:  0    Dex: 12      Spells: 0 memorised, 7 levels left

rFire  . . .     SeeInvis .       - Unarmed
rCold  . . .     Clarity  .     l - +0 robe
rNeg   . . .     SustAt   .     (no shield)
rPois  .         Gourm    +     (helmet restricted)
rElec  .         Spirit   .     (no cloak)
rCorr  +         Warding  .     (gloves unavailable)
rMut   .         Stasis   .     (boots unavailable)
MR     .....                    g - amulet of resist corrosion
Stlth  ++........               (no ring)
                                (no ring)

@: mighty, heroism, not resistant to hostile enchantments, unstealthy
A: unfitting armour, claws 3, fast metabolism 3, gourmand, regeneration 2,
shaggy fur 1, tough skin 2
a: Heroism, Renounce Religion


You were on level 5 of the Dungeon.
You worshipped Okawaru.
Okawaru was pleased with you.
You were very full.

You visited 1 branch of the dungeon, and saw 5 of its levels.

You collected 193 gold pieces.

Inventory:

Hand Weapons
 b - a +0 dagger of holy wrath
Missiles
 c - 5 large rocks (quivered)
 Z - 2 throwing nets
Armour
 l - a +0 robe (worn)
Jewellery
 f - an uncursed ring of protection from fire
 g - an amulet of resist corrosion (around neck)
 t - an uncursed amulet of faith {unknown}
 B - an uncursed ring of positive energy {unknown}
Wands
 P - a wand of paralysis (20)
Scrolls
 a - 2 scrolls of teleportation {unknown}
 j - 5 scrolls of remove curse {unknown}
 k - a scroll of immolation {unknown}
 n - 2 scrolls of noise {unknown}
 o - a scroll of enchant armour {unknown}
 q - 6 scrolls of identify {unknown}
 v - a scroll of amnesia {unknown}
 w - a scroll of random uselessness {unknown}
 y - 2 scrolls of enchant weapon {unknown}
 C - a scroll of recharging {unknown}
Potions
 d - 3 potions of might
 h - a potion of flight {unknown}
 i - a potion of degeneration {!q}
 m - 2 potions of cure mutation {unknown}
 s - 3 potions of curing {unknown}
 u - a potion of resistance {unknown}
 x - 2 potions of poison {unknown}
 z - a potion of brilliance {unknown}
Comestibles
 e - 5 bread rations
 p - 5 fruits
 r - 3 meat rations
 A - 2 chunks of flesh


   Skills:
 + Level 3.0(8.0) Fighting
 - Level 3.6(8.6) Throwing
 + Level 3.0(8.0) Dodging
 - Level 0.4(5.4) Stealth
 * Level 10.1(15.1) Unarmed Combat


You had 7 spell levels left.
You didn't know any spells.

Dungeon Overview and Level Annotations

Branches:
Dungeon (5/15)             Temple (0/1) D:5

Altars:
Dithmenos
Kikubaaqudgha
Okawaru
Vehumet
Yredelemnul

Shops:
D:4 :

Annotations:
D:4 Eustachio; jazmu's ghost, amateur GrAM


Innate Abilities, Weirdness & Mutations

You are too large for most types of armour.
You have claws for hands.
Your metabolism is lightning-fast.
You like to eat raw meat.
You heal very quickly.
You are covered in fur (AC +1).
You have very tough skin (AC +2).


Message History

Things that are here:
a giant spiked club; a short sword; an ogre corpse Something hits you but does no damage.
There is an open door, spattered with blood here.
Drink which item? (? for menu, Esc to quit)
It was a potion of degeneration.
There was something very wrong with that liquid.
You feel weakened. Something hits you.
* * * LOW HITPOINT WARNING * * *
You gain the combat prowess of a mighty hero.
You feel slightly less full. Something hits you.
* * * LOW HITPOINT WARNING * * *
Something hits you.
* * * LOW HITPOINT WARNING * * *
Drink which item? (? for menu, Esc to quit)
It was a potion of might.
You feel very mighty all of a sudden. Something hits you but does no damage.
Something hits you.
You die...

......ਜ.....ਜ ਜ.ਜਜਜਜਜਜਜ..
ਜਜ...ਜਜ.....ਜਜਜਜਜਜਜਜ ਜ.....ਜ....
...................ਜ ਜਜਜਜਜ.ਜ.ਜਜ.
ਜਜਜਜਜਜਜਜਜਜਜਜਜਜਜਜਜਜ.ਜ ਜਜਜਜਜ.ਜ.ਜਜ.
.ਜ.....ਜ.....ਜ%$?ਜ.ਜ ਜ.....ਜ....
.ਜ)....ਜ.....ਜ.=.ਜ.ਜ ਜ.ਜਜਜਜਜਜਜਜਜ
.ਜ.)ਜ..ਜ..ਜ..ਜ??)ਜ.ਜਜਜਜ..........
.ਜ..ਜ..ਜ..ਜ..ਜਜਜ∆ਜ.ਜ.......ਜਜਜਜਜ.
...[ਜ.....ਜ.....@ਜ.ਜ.......ਜਜਜਜਜ.
....ਜ.....ਜ......ਜ.........∆>....
ਜਜਜਜਜਜਜਜਜਜਜਜਜਜਜਜਜਜ.........ਜਜਜਜਜਜ
...........................ਜਜਜਜਜਜ
.........................ਜ.......
ਜਜਜਜਜਜਜਜਜਜਜਜਜਜਜਜਜਜ.ਜ...ਜ.ਜਜਜਜਜਜਜਜ
....ਜ.....ਜ......ਜ.ਜ...ਜ.ਜ
....ਜ.....ਜ......ਜ.ਜ...ਜ.ਜ
.ਜ..ਜ..ਜ..ਜ..ਜਜਜ†ਜ.ਜ...ਜ.ਜ


There were no monsters in sight!

Vanquished Creatures
  Grinder (D:4)
  Prince Ribbit (D:5)
  Sigmund (D:2)
  2 ice beasts (D:5)
  2 ogres
  Blork the orc (D:5)
  A scorpion (D:5)
  A centaur zombie (D:5)
  2 crimson imps (D:5)
  A giant frog skeleton (D:5)
  3 hounds (D:5)
  A jelly (D:5)
  4 orc wizards
  Jessica (D:3)
  An orc priest (D:4)
  2 worker ants
  A hound zombie (D:5)
  7 adders
  A shadow imp (D:5)
  2 oozes
  2 adder skeletons
  3 worms (D:3)
  5 giant geckos
  9 orcs
  A ball python (D:5)
  9 bats
  2 giant cockroaches (D:1)
  14 goblins
  8 hobgoblins
  A jackal (D:2)
  2 quokkas (D:5)
  A giant gecko skeleton (D:4)
  8 giant newts
  7 kobolds
  3 rats
111 creatures vanquished.

Notes
Turn   | Place    | Note
--------------------------------------------------------------
     0 | D:1      | Goblin1989 the Troll Hunter began the quest for the Orb.
     0 | D:1      | Reached XP level 1. HP: 19/19 MP: 0/0
    94 | D:1      | Reached skill level 1 in Unarmed Combat
   100 | D:1      | Reached XP level 2. HP: 19/27 MP: 1/1
   712 | D:2      | Reached XP level 3. HP: 33/33 MP: 2/2
   811 | D:2      | Noticed Sigmund
   819 | D:2      | Killed Sigmund
   819 | D:2      | Reached skill level 5 in Unarmed Combat
   819 | D:2      | Reached XP level 4. HP: 38/41 MP: 3/3
   819 | D:2      | Reached XP level 5. HP: 44/48 MP: 4/4
   954 | D:2      | Found an iron altar of Okawaru.
   964 | D:2      | Became a worshipper of Warmaster Okawaru
  1466 | D:3      | Noticed Jessica
  1475 | D:3      | Killed Jessica
  1475 | D:3      | Reached XP level 6. HP: 45/55 MP: 5/5
  1582 | D:3      | Reached skill level 6 in Unarmed Combat
  1600 | D:3      | Noticed an ogre
  1625 | D:3      | Killed an ogre
  1882 | D:3      | Found a basalt altar of Yredelemnul.
  1883 | D:3      | Found a radiant altar of Vehumet.
  1884 | D:3      | Found a shadowy altar of Dithmenos.
  1887 | D:3      | Found an ancient bone altar of Kikubaaqudgha.
  2010 | D:4      | Found Fira's Book Shop.
  2014 | D:4      | Noticed Grinder
  2026 | D:4      | Killed Grinder
  2026 | D:4      | Reached skill level 7 in Unarmed Combat
  2026 | D:4      | Reached XP level 7. HP: 25/62 MP: 6/6
  2041 | D:4      | Reached * piety under Okawaru
  2041 | D:4      | Reached skill level 8 in Unarmed Combat
  2250 | D:4      | Noticed Eustachio
  2251 | D:4      | Noticed jazmu's ghost (amateur GrAM)
  2265 | D:5      | Entered Level 5 of the Dungeon
  2269 | D:5      | Noticed Prince Ribbit
  2334 | D:5      | Noticed Blork the orc
  2341 | D:5      | Killed Blork the orc
  2380 | D:5      | Found a staircase to the Ecumenical Temple.
  2396 | D:5      | Reached skill level 9 in Unarmed Combat
  2444 | D:5      | Reached XP level 8. HP: 56/71 MP: 7/7
  2584 | D:5      | Found a shadowy altar of Dithmenos.
  2895 | D:5      | Killed Prince Ribbit
  2977 | D:5      | Reached ** piety under Okawaru
  3059 | D:5      | Reached skill level 10 in Unarmed Combat
  3096 | D:5      | HP: 1/75 [something (4)]
  3097 | D:5      | Slain by an unseen horror

Action                   |  1- 3 |  4- 6 |  7- 9 || total
-------------------------+-------+-------+-------++-------
Melee: Unarmed           |    83 |   151 |   133 ||   367
Throw: Large rock        |     2 |       |       ||     2
Invok: Heroism           |       |       |     3 ||     3
  Use: Potion            |       |       |     2 ||     2
 Stab: Sleeping          |     1 |       |       ||     1
  Eat: Chunk             |     7 |    17 |    10 ||    34

Vault maps used:
D:1:      lemuel_arrival_room
D:2:      old_standard_altar, uniq_sigmund
D:3:      minitemple, minmay_ogre_servants, uniq_jessica
D:4:      serial_shops, shop, uniq_eustachio, uniq_grinder
D:5:      kennysheep_windowed_halls, minmay_temple_entry_overgrown, basic_altar,
          first_bread, kennysheep_generic_room_9, uniq_blork_the_orc,
          uniq_prince_ribbit1
